 Dungeon Crawl Stone Soup version 0.29.0-4-gdea44cf6ec (webtiles) character file.

Game seed: 4778247952491637521

269 greasedhog the Insei (level 6, -9/38 HPs)
             Began as a Tengu Wanderer on Aug 27, 2022.
             Was an Initiate of Dithmenos.
             Mangled by an ogre
             ... wielding a +0 giant club
              (28 damage)
             ... on level 4 of the Dungeon.
             The game lasted 00:06:15 (5076 turns).

greasedhog the Insei (Tengu Wanderer)               Turns: 5076, Time: 00:06:16

Health: -9/38      AC:  4    Str: 10    XL:     6   Next: 22%
Magic:  11/11      EV: 14    Int: 15    God:    Dithmenos [......]
Gold:   241        SH:  0    Dex: 15    Spells: 11/11 levels left

rFire   . . .      SeeInvis .   a - +0 dagger
rCold   . . .      Faith    .   (no shield)
rNeg    . . .      Spirit   .   f - +0 leather armour
rPois   .          Reflect  .   (helmet restricted)
rElec   .          Harm     .   (no cloak)
rCorr   .          Rampage  .   c - +0 pair of gloves
Will    +....                   (boots unavailable)
Stlth   ++........              (no amulet)
HPRegen 0.12/turn               k - ring of willpower
MPRegen 0.12/turn               (no ring)

@: flying quickly and evasively, quick
A: beak, talons 3, nimble flight
a: Renounce Religion


You were on level 4 of the Dungeon.
You worshipped Dithmenos.
Dithmenos was noncommittal.
You visited 1 branch of the dungeon, and saw 4 of its levels.

You collected 241 gold pieces.

Inventory:

Hand Weapons
 a - a +0 dagger (weapon)
Armour
 c - a +0 pair of gloves (worn)
 f - a +0 leather armour (worn)
Jewellery
 k - a ring of willpower (left hand)
Scrolls
 e - a scroll of summoning {unknown}
 h - a scroll of enchant armour
 l - a scroll of vulnerability
 m - a scroll of teleportation
 n - a scroll of fear {unknown}
 q - a scroll of identify
 r - a scroll of immolation {unknown}
Potions
 b - 2 potions of brilliance
 d - a potion of lignification
 g - a potion of haste
 i - a potion of flight {unknown}
 j - a potion of heal wounds {unknown}
 o - a potion of attraction {unknown}
 p - a potion of mutation {unknown}


   Skills:
 * Level 4.0 Fighting
 - Level 2.1(2.2) Short Blades
 - Level 1.0(1.7) Long Blades
 - Level 2.1 Dodging
 * Level 3.4 Stealth
 - Level 4.3 Unarmed Combat
 - Level 3.0 Spellcasting
 - Level 1.0 Invocations


You had 11 spell levels left.
You didn't know any spells.
Your spell library contained the following spells:

 Spells                   Type           Power      Damage    Failure   Level
 Ignite Poison            Fire/Tmut/Pois 2%         N/A       63%         3
 Mephitic Cloud           Conj/Pois/Air  2%         N/A       63%         3
 Freezing Cloud           Conj/Ice/Air   1%         6-21      100%        5
 Iskenderun's Battlesphe  Conj           2%         2d6       100%        5
 Iron Shot                Conj/Erth      1%         9d1       100%        6
 Spellforged Servitor     Conj/Summ      1%         N/A       100%        7


Dungeon Overview and Level Annotations

Branches:
Dungeon (4/15)
 Temple: D:4-7

Altars:
Dithmenos
Nemelex Xobeh
Ru
Sif Muna
Trog
Wu Jian
Zin
The Shining One


Innate Abilities, Weirdness & Mutations

You have a beak for a mouth.
You have claws for feet.
Your magical nature lets you fly swiftly and evasively.


Message History

You completely miss the adder. Your peck misses the adder.
The adder is severely wounded.
The adder closely misses you. The adder bites you but does no damage.
You hit the adder.
You kill the adder!
Dithmenos accepts your kill.
No target in view!
No target in view!
No target in view!
No target in view!
No target in view!
No target in view!
No target in view!
No target in view!
No target in view!
No target in view!
No target in view!
You reach down and open the door.
There is an open door here.
Found an escape hatch in the ceiling.
There is an escape hatch in the ceiling here.
r - a scroll labelled FUFEOC HIMESS You now have 241 gold pieces (gained 11).
An ogre comes into view. It is wielding a +0 giant club.
Found a robe.
The ogre shouts!
You hit the ogre. Your kick misses the ogre. You peck the ogre.
You punch the ogre.
The ogre is moderately wounded.
The ogre hits you with a +0 giant club!
You hit the ogre but do no damage. You claw the ogre, but do no damage.
The ogre is moderately wounded.
You barely miss the ogre. Your kick misses the ogre. You peck the ogre.
The ogre is heavily wounded.
The ogre hits you with a +0 giant club.
You hit the ogre. Your kick misses the ogre.
The ogre is heavily wounded.
The ogre hits you with a +0 giant club!!
Ouch! That really hurt!
You die...

....... ....... #...............
....... #.....[.......... ######.
#................
.....#####..................
............................
.)..........................
...........................
..)............O@......... #####
.....#########'###.....## #....
##'###........ #.....# #....
....#......... . #.....# #....
....'......... ..#.....# #....
....#............'.....# #....
....#............#.....# #....
###'##############.....######....
.................................


You could see an ogre.

Vanquished Creatures
  A scorpion (D:4)
  A hound (D:4)
  Robin (D:2)
  4 gnolls (D:3)
  5 adders
  An ufetubus (D:4)
  3 dart slugs
  2 orcs
  6 endoplasms
  7 giant cockroaches
  13 goblins
  9 hobgoblins
  2 quokkas
  6 ball pythons
  3 bats
  A kobold (D:2)
  10 rats
75 creatures vanquished.

Vanquished Creatures (others)
  6 fungi (D:2)
  3 plants (D:2)
9 creatures vanquished.

Grand Total: 84 creatures vanquished

Notes
Turn   | Place    | Note
-------+----------+-------------------------------------------
     0 | D:1      | greasedhog the Tengu Wanderer began the quest for the Orb.
     0 | D:1      | greasedhog set off with the following items: a +0 dagger, a
                  | potion of brilliance, a +0 pair of gloves, a potion of
                  | lignification, a +0 robe, a potion of berserk rage.
     0 | D:1      | Reached XP level 1. HP: 10/10 MP: 5/5
   390 | D:1      | Reached skill level 1 in Fighting
   390 | D:1      | Reached skill level 1 in Long Blades
   390 | D:1      | Reached XP level 2. HP: 3/16 MP: 7/7
  1278 | D:2      | Reached skill level 1 in Short Blades
  1332 | D:2      | Reached XP level 3. HP: 9/20 MP: 8/8
  1683 | D:2      | Noticed Robin
  2031 | D:2      | Killed Robin
  2100 | D:2      | Found a faded altar of an unknown god.
  2736 | D:2      | Reached XP level 4. HP: 25/26 MP: 9/9
  3109 | D:3      | Reached skill level 1 in Stealth
  3141 | D:3      | Found a sacrificial altar of Ru.
  3142 | D:3      | Found an ornate altar of the Wu Jian Council.
  3144 | D:3      | Found a sparkling altar of Nemelex Xobeh.
  3148 | D:3      | Found a bloodstained altar of Trog.
  3150 | D:3      | Found a shadowy altar of Dithmenos.
  3150 | D:3      | Found a glowing golden altar of the Shining One.
  3151 | D:3      | Found a shimmering blue altar of Sif Muna.
  3152 | D:3      | Found a glowing silver altar of Zin.
  3158 | D:3      | Became a worshipper of Dithmenos the Shadowed
  4093 | D:3      | Gained mutation: Your magical nature lets you fly swiftly
                  | and evasively. [Tengu growth]
  4093 | D:3      | Reached XP level 5. HP: 32/32 MP: 10/10
  4727 | D:4      | Reached XP level 6. HP: 34/38 MP: 11/11
  5076 | D:4      | Mangled by an ogre

Illustrated notes

Levels and vault maps discovered:
D:1:      heliophobic_arrival_enchanted_forest, layout_rooms,
          amcnicky_mini_corridor_feature
D:2:      layout_basic, dreamdust_ecumenical_altar_grove, hex_tiny,
          nicolae_kite_square_tiling_tiny, uniq_robin
D:3:      minmay_angry_zag, layout_basic, minitemple,
          minmay_misc_feat_more_columns
D:4:      layout_gridville, st_stairs_4

Skill      XL: |  1  2  3  4  5  6 |
---------------+-------------------+-----
Fighting       | 1 2 3 4 |  4.0
Long Blades    | 1 |  1.0
Short Blades   | 1 2 |  2.1
Stealth        | 2 3 |  3.4
Dodging        | |  2.1
Unarmed Combat | |  4.3
Spellcasting   | |  3.0
Invocations    | |  1.0

Action                   |  1- 3 |  4- 6 || total
-------------------------+-------+-------++-------
Melee: Dagger            |   124 |   143 ||   267
       Kick              |    32 |    44 ||    76
       Peck              |    25 |    32 ||    57
       Punch             |     2 |     3 ||     5
  Use: Scroll            |     5 |     1 ||     6
       Potion            |     2 |       ||     2
 Stab: Sleeping          |       |     1 ||     1
Armor: Robe              |    22 |       ||    22
       Leather armour    |    10 |    32 ||    42
Dodge: Dodged            |    86 |    86 ||   172
